 Dungeon Crawl Stone Soup version 0.20-a0 (webtiles) character file.

191 motkustreak44 the Carver (level 5, 0/36 HPs)
             Began as a Tengu Fighter on Oct 27, 2016.
             Succumbed to an orc wizard's poison
             ... on level 5 of the Dungeon.
             The game lasted 00:03:49 (2920 turns).

motkustreak44 the Carver (Tengu Fighter)            Turns: 2920, Time: 00:03:50

Health: 0/36       AC:  9    Str: 21 (22) XL:     5   Next: 70%
Magic:  6/6        EV:  8    Int:  7 (8)  God:
Gold:   220        SH: 10    Dex: 12 (14) Spells: 0 memorised, 4 levels left

rFire  . . .     SeeInvis .     a - +0 long sword
rCold  . . .     Gourm    .     b - +0 scale mail
rNeg   . . .     Faith    .     c - +0 shield
rPois  .         Spirit   .     (helmet restricted)
rElec  .         Reflect  .     (no cloak)
rCorr  .         Harm     .     y - +0 pair of gloves
MR     .....                    (boots unavailable)
Stlth  ..........               (no amulet)
                                (no ring)
                                (no ring)

@: mighty, lethally poisoned (0 -> -13), very slightly contaminated, hasted,
very quick
A: beak, talons 3, able to fly 1
a: Fly


You were on level 5 of the Dungeon.
You were not hungry.

You visited 1 branch of the dungeon, and saw 5 of its levels.

You collected 220 gold pieces.

Inventory:

Hand Weapons
 a - a +0 long sword (weapon)
Armour
 b - a +0 scale mail (worn)
 c - a +0 shield (worn)
 y - a +0 pair of gloves (worn)
Jewellery
 l - a cursed amulet of inaccuracy {unknown}
Scrolls
 h - 2 scrolls of amnesia {unknown}
 i - 3 scrolls of random uselessness {unknown}
 k - 3 scrolls of recharging {unknown}
 m - 5 scrolls of identify {unknown}
 n - 5 scrolls of remove curse {unknown}
 p - a scroll of fog {unknown}
 r - a scroll of teleportation {unknown}
 s - 2 scrolls of fear {unknown}
 u - a scroll of blinking {unknown}
 v - a scroll of enchant weapon {unknown}
Comestibles
 f - 4 bread rations
 g - 3 fruits
 j - a royal jelly
 o - 4 meat rations


   Skills:
 + Level 6.2 Fighting
 * Level 8.8 Long Blades
 + Level 6.6 Armour
 + Level 6.1 Shields


You had 4 spell levels left.
You didn't know any spells.

Dungeon Overview and Level Annotations

Branches:
Dungeon (5/15)
 Temple: D:4-7

Altars:
Xom

Annotations:
D:4 Dowan, Duvessa


Innate Abilities, Weirdness & Mutations

You have a beak for a mouth.
You have claws for feet.
You can fly.


Message History

Reactivating autopickup.
You feel a bit more experienced.
* * * LOW HITPOINT WARNING * * *
You feel sick. The quokka skeleton closely misses you.
You riposte.
You slash the quokka skeleton!
You destroy the quokka skeleton!
You closely miss the orc.
* * * LOW HITPOINT WARNING * * *
You feel sick.
Unknown command.
You hit the worker ant. You claw the worker ant. You peck the worker ant.
The worker ant is almost dead.
* * * LOW HITPOINT WARNING * * *
You feel sick.
The worker ant bites you but does no damage.
The orc hits you but does no damage.
Unknown command.
You slice the orc!!
You kill the orc!
You die...

####.#
#@ao.#
##)..#
..##
o## ..
$# ##


You could see a worker ant, an orc wizard and an orc.

Vanquished Creatures
  An orc wizard (D:5)
  An adder (D:2)
  3 oozes
  2 worms (D:2)
  3 dart slugs
  A leopard gecko (D:1)
  2 orcs
  4 bats
  4 giant cockroaches
  5 goblins
  6 hobgoblins
  A ball python (D:3)
  A frilled lizard (D:2)
  9 kobolds
  2 quokka skeletons
  5 rats
50 creatures vanquished.

Notes
Turn   | Place    | Note
-------+----------+-------------------------------------------
     0 | D:1      | motkustreak44 the Tengu Fighter began the quest for the Orb.
     0 | D:1      | Reached XP level 1. HP: 14/14 MP: 2/2
     6 | D:1      | Noticed a minotaur skeleton
   505 | D:1      | Reached XP level 2. HP: 19/19 MP: 3/3
   884 | D:1      | You fall through a shaft!
   941 | D:1      | Reached skill level 3 in Long Blades
   959 | D:1      | Reached XP level 3. HP: 23/23 MP: 4/4
  1804 | D:2      | Reached XP level 4. HP: 28/28 MP: 5/5
  2864 | D:4      | Found a shimmering altar of Xom.
  2871 | D:4      | Found a shimmering altar of Xom.
  2896 | D:4      | Noticed Dowan
  2898 | D:4      | Noticed Duvessa
  2907 | D:5      | Entered Level 5 of the Dungeon
  2909 | D:5      | Reached skill level 8 in Long Blades
  2909 | D:5      | Gained mutation: You can fly. [Tengu growth]
  2909 | D:5      | Reached XP level 5. HP: 14/36 MP: 6/6
  2919 | D:5      | HP: 1/36 [poisoned by an orc wizard]
  2920 | D:5      | Succumbed to an orc wizard's poison

Vault maps used:
D:1:      shiori_arrival_whats_in_store_for_you, minmay_cut_off
D:2:      minmay_misc_feat_enclosed
D:3:      first_bread
D:4:      nicolae_overflow_crystal_walls, xom_redecorated, uniq_duvessa,
          uniq_edmund
D:5:      kennysheep_mini_moat, grunt_ministairs_13, grunt_qazlal_clouds,
          uniq_pikel, uniq_eustachio

Skill      XL: |  1  2  3  4 |
---------------+-------------+-----
Long Blades    | 3 8 |  8.8
Fighting       | 6 |  6.2
Armour         | 6 |  6.6
Shields        | 6 |  6.1

Action                   |  1- 3 |  4- 6 || total
-------------------------+-------+-------++-------
Melee: Long sword        |    76 |    52 ||   128
       Kick              |    16 |    15 ||    31
       Peck              |    12 |    13 ||    25
  Use: Potion            |       |     6 ||     6
  Eat: Chunk             |     2 |     3 ||     5
       Beef jerky        |       |     1 ||     1
Armor: Scale mail        |    35 |    22 ||    57
Dodge: Dodged            |    22 |    13 ||    35
Block: Shield            |    26 |    24 ||    50
       Rpst.: Long sword |     5 |     7 ||    12
